 Dungeon Crawl Stone Soup version 0.23.2-40-g277498a001 (webtiles) character file.

Game seed: 6654690775751751470

22 Aggronaut the Sneak (level 2, -11/13 HPs)
             Began as a Spriggan Enchanter on Oct 2, 2019.
             Killed from afar by a bat (24 damage)
             ... with an exploding inner flame
             ... hexed by the player character
             ... on level 2 of the Dungeon.
             The game lasted 00:03:45 (883 turns).

Aggronaut the Sneak (Spriggan Enchanter)             Turns: 883, Time: 00:03:48

Health: -11/13     AC:  4    Str:  4    XL:     2   Next: 68%
Magic:  0/6        EV: 18    Int: 16    God:
Gold:   22         SH:  0    Dex: 16    Spells: 3/6 levels left

rFire    . . .     SeeInvis +   a - +1 dagger
rCold    . . .     Gourm    .   (shield restricted)
rNeg     . . .     Faith    .   b - +1 robe
rPois    .         Spirit   .   (helmet restricted)
rElec    .         Reflect  .   k - +0 cloak
rCorr    .         Harm     .   (gloves unavailable)
MR       .....                  (boots unavailable)
Stlth    +++.......             (no amulet)
HPRegen  0.04/turn              (no ring)
MPRegen  0.10/turn              (no ring)

@: very quick
A: very small, unfitting armour, see invisible, herbivore, speed 3, slow
metabolism 2
a: no special abilities


You were on level 2 of the Dungeon.
You were not hungry.

You visited 1 branch of the dungeon, and saw 2 of its levels.

You collected 22 gold pieces.

Inventory:

Hand Weapons
 a - a +1 dagger (weapon)
Armour
 b - a +1 robe (worn)
 k - a +0 cloak (worn)
Scrolls
 c - a scroll of enchant armour
Potions
 e - 2 potions of lignification
 f - a potion of flight {unknown}
 h - a potion of magic {unknown}
 i - a potion of mutation {unknown}
Comestibles
 d - a ration


   Skills:
 + Level 1.6 Short Blades
 - Level 3.0 Dodging
 + Level 4.9 Stealth
 - Level 2.7 Spellcasting
 * Level 4.3 Hexes


You had 3 spell levels left.
You knew the following spells:

 Your Spells              Type           Power        Failure   Level  Hunger
a - Corona                Hex            ###....      3%          1    #......
b - Ensorcelled Hibernat  Hex/Ice        #.....       12%         2    ##.....

Your spell library contained the following spells:

 Spells                   Type           Power        Failure   Level  Hunger
 Confuse                  Hex            ###.....     10%         3    ###....
 Tukima's Dance           Hex            ###.....     10%         3    ###....
 Dazzling Spray           Conj/Hex       #.....       24%         3    ###....


Dungeon Overview and Level Annotations

Branches:
Dungeon (2/15)

Altars:

Annotations:
D:2 Sigmund


Innate Abilities, Weirdness & Mutations

You are very small and have problems with some larger weapons.
You are too small for most types of armour.
You have supernaturally acute eyesight. (SInv)
You are a herbivore.
You cover ground extremely quickly.
You need to consume almost no food.


Message History

The bat resists with significant effort.
The bat hits you but does no damage.
As you read the scroll labeled AGHIARE PYUFYU, it crumbles to dust.
It is a scroll of enchant armour.
Your +0 robe glows green for a moment.
The bat hits you but does no damage. The bat misses you.
Sigmund screams, "Don't try to resist!"
As you read the scroll labeled SAURUENGYKH, it crumbles to dust.
The creatures around you are filled with an inner flame!
It was a scroll of immolation.
The bat misses you. x2
As you read the scroll labeled ZEPTUG ZOCS, it crumbles to dust.
It is a scroll of identify.
e - 2 potions of lignification The bat hits you but does no damage. x2
Sigmund casts a spell at you. The puff of flame misses you.
The puff of flame hits the bat!
The bat explodes!
The fiery explosion engulfs you!!
Ouch! That really hurt!
You die...

### ..# # #.# #.
#.#
###..##.#####..
............@..
###.###.#####.#
........@.@ยงยง.#
###.###<#######
........#
....##### ##


You could see Sigmund (inner flame).

Vanquished Creatures
  An ooze (D:1)
  A dart slug (D:1)
  4 bats (D:1)
  A giant cockroach (D:1)
  4 goblins (D:1)
  2 frilled lizards (D:1)
  A kobold (D:1)
  A rat (D:1)
15 creatures vanquished.

Notes
Turn   | Place    | Note
-------+----------+-------------------------------------------
     0 | D:1      | Aggronaut the Spriggan Enchanter began the quest for the
                  | Orb.
     0 | D:1      | Reached XP level 1. HP: 9/9 MP: 5/5
   469 | D:1      | Reached XP level 2. HP: 13/13 MP: 6/6
   662 | D:1      | Learned a level 2 spell: Ensorcelled Hibernation
   874 | D:2      | Noticed Sigmund
   883 | D:2      | Killed from afar by a bat

Skill      XL: |  1 |
---------------+----+-----
Hexes          | 4 |  4.3
Short Blades   | |  1.6
Dodging        | |  3.0
Stealth        | |  4.9
Spellcasting   | |  2.7

Action                   || total
-------------------------++-------
Melee: Dagger            ||    61
 Cast: Corona            ||     3
       Ensorcelled Hiber ||     3
  Use: Scroll            ||     3
 Stab: Sleeping          ||     4
Armor: Robe              ||    12
Dodge: Dodged            ||    47
